 Dungeon Sprint DCSS version 0.21-a0-176-gb3d4b37 (webtiles) character file.

146 Lunath the Skirmisher (level 5, -16/51 HPs)
             Began as a Draconian Conjurer on Aug 9, 2017.
             Was an Initiate of Sif Muna.
             Killed from afar by a gargoyle (25 damage)
             ... with a stone arrow
             ... in the Dungeon (Sprint IX: "|||||||||||||||||||||||||||||").
             The game lasted 00:02:45 (441 turns).

Lunath the Skirmisher (Draconian Conjurer)           Turns: 441, Time: 00:02:46

Health: -16/51     AC:  6    Str: 10    XL:     5   Next: 7%
Magic:  8/8        EV: 14    Int: 20    God:    Sif Muna [......]
Gold:   0          SH:  0    Dex: 14    Spells: 0/8 levels left

rFire    . . .     SeeInvis .     - Unarmed
rCold    . . .     Gourm    .   (no shield)
rNeg     . . .     Faith    .   (armour unavailable)
rPois    .         Spirit   .   (helmet restricted)
rElec    .         Reflect  .   (no cloak)
rCorr    .         Harm     .   (no gloves)
MR       .....     NoTele   +   m - +0 pair of boots
Stlth    ++........             (no amulet)
HPRegen  0.17/turn              n - +3 ring of intelligence
MPRegen  0.11/turn              o - +3 ring of dexterity

@: no status effects
A: unfitting armour, cold-blooded, AC +5
a: Renounce Religion


You were in the Dungeon.
You worshipped Sif Muna.
Sif Muna was noncommittal.
You were not hungry.

You visited 1 branch

Inventory:

Armour
 m - a +0 pair of boots (worn)
Magical Staves
 l - an uncursed staff of energy
Jewellery
 n - a +3 ring of intelligence (left hand)
 o - a +3 ring of dexterity (right hand)
Wands
 k - a wand of iceblast (7/15)
Scrolls
 h - 2 scrolls of blinking
 i - 3 scrolls of remove curse
 j - 2 scrolls of amnesia
Potions
 c - 5 potions of curing
 d - 3 potions of heal wounds
 e - a potion of haste
 f - 4 potions of magic
 g - a potion of invisibility
Books
 a - a book of Conjurations

   Spells                             Type                      Level
   a - Magic Dart                     Conjuration                  1
   b - Searing Ray                    Conjuration                  2
   c - Dazzling Spray                 Conjuration/Hexes            3
   d - Fulminant Prism                Conjuration/Hexes            4
   e - Force Lance                    Conjuration/Translocation    4
   f - Iskenderun's Mystic Blast      Conjuration                  4
Comestibles
 b - a bread ration


   Skills:
 + Level 6.5 Fighting
 - Level 4.8 Dodging
 - Level 1.7 Stealth
 + Level 6.2 Unarmed Combat
 * Level 2.0 Spellcasting
 * Level 4.0 Conjurations


You couldn't memorise any spells.
You knew the following spells:

 Your Spells              Type           Power        Failure   Level  Hunger
a - Magic Dart            Conj           ###.         3%          1    #......
b - Dazzling Spray        Conj/Hex       ##....       21%         3    ###....
c - Iskenderun's Mystic   Conj           ###.....     30%         4    #####..


Dungeon Overview and Level Annotations

Branches:
Dungeon (1/1)

Altars:
Cheibriados
Dithmenos
Elyvilon
Fedhas
Gozag
Hepliaklqana
Kikubaaqudgha
Makhleb
Nemelex Xobeh
Okawaru
Qazlal
Ru
Sif Muna
Trog
Uskayaw
Vehumet
Wu Jian
Xom
Yredelemnul
Zin
The Shining One
Beogh
Jiyva
Lugonu


Innate Abilities, Weirdness & Mutations

Your plain brown scales are hard. (AC +5)
You cannot fit into any form of body armour.
You are cold-blooded and may be slowed by cold attacks.


Message History

Confirm with . or Enter, or press ? or * to list all spells.
Okay, then.
You completely miss the gargoyle.
The gargoyle hits you with a morningstar!
You closely miss the gargoyle.
The gargoyle hits you with a morningstar!!
You hit the gargoyle but do no damage.
The orc wizard casts a spell.
The orc wizard flickers and vanishes!
Deactivating autopickup; reactivate with Ctrl-A.
The gargoyle hits you with a morningstar!
* * * LOW HITPOINT WARNING * * *
You see here a +1 scale mail.
The gargoyle hurls a stone arrow at you.
The stone arrow misses you.
You see here a +0 pair of boots.
Items here: ))))))
The gargoyle hurls a stone arrow at you.
The stone arrow hits you!
You die...

▓_▓
▓_▓
▓_▓
▓_▓
▓_▓
▓'▓
▓.▓
▓.▓
▓@▓
▓)▓
▓.▓
▓[▓
▓9▓
▓T▓
▓.▓
▓o▓
▓.▓


You could see a troll, a gargoyle and an orc.

Vanquished Creatures
  A centaur (D)
  A howler monkey (D)
  2 adders (D)
  A shadow imp (D)
  A ball python (D)
  A jackal (D)
  2 bats (D)
  A rat (D)
10 creatures vanquished.

Notes
Turn   | Place    | Note
-------+----------+-------------------------------------------
     0 | D        | Lunath the Draconian Conjurer began the quest for the Orb.
     0 | D        | Reached XP level 1. HP: 14/14 MP: 3/3
    10 | D        | Reached skill level 1 in Fighting
    10 | D        | Reached skill level 1 in Unarmed Combat
   133 | D        | Noticed a centaur
   133 | D        | Noticed a howler monkey
   140 | D        | Reached XP level 2. HP: 25/25 MP: 5/5
   146 | D        | Killed a centaur
   146 | D        | Reached skill level 5 in Fighting
   146 | D        | Reached skill level 5 in Unarmed Combat
   146 | D        | Reached XP level 3. HP: 35/37 MP: 6/6
   146 | D        | Reached XP level 4. HP: 42/44 MP: 7/7
   152 | D        | Reached XP level 5. HP: 19/51 MP: 2/8
   365 | D        | Found a roughly hewn altar of Beogh.
   365 | D        | Found a snail-covered altar of Cheibriados.
   365 | D        | Found a shadowy altar of Dithmenos.
   365 | D        | Found a white marble altar of Elyvilon.
   365 | D        | Found a blossoming altar of Fedhas.
   365 | D        | Found an opulent altar of Gozag.
   366 | D        | Found a hazy altar of Hepliaklqana.
   367 | D        | Found a viscous altar of Jiyva.
   368 | D        | Found an ancient bone altar of Kikubaaqudgha.
   369 | D        | Found a corrupted altar of Lugonu.
   370 | D        | Found a burning altar of Makhleb.
   371 | D        | Found a sparkling altar of Nemelex Xobeh.
   372 | D        | Found an iron altar of Okawaru.
   373 | D        | Found a stormy altar of Qazlal.
   374 | D        | Found a sacrificial altar of Ru.
   375 | D        | Found a deep blue altar of Sif Muna.
   376 | D        | Found a bloodstained altar of Trog.
   377 | D        | Found a hide-covered altar of Uskayaw.
   378 | D        | Found a radiant altar of Vehumet.
   379 | D        | Found an ornate altar of the Wu Jian Council.
   380 | D        | Found a shimmering altar of Xom.
   381 | D        | Found a basalt altar of Yredelemnul.
   382 | D        | Found a glowing silver altar of Zin.
   383 | D        | Found a glowing golden altar of the Shining One.
   389 | D        | Became a worshipper of Sif Muna the Loreminder
   394 | D        | Learned a level 3 spell: Dazzling Spray
   399 | D        | Learned a level 4 spell: Iskenderun's Mystic Blast
   432 | D        | Noticed a gargoyle
   432 | D        | Noticed a troll
   432 | D        | Noticed an ice beast
   441 | D        | Killed from afar by a gargoyle

Vault maps used:
D:        linesprint

Skill      XL: |  1  2  3  4 |
---------------+-------------+-----
Fighting       | 2 5 6 |  6.5
Dodging        | 2 4 |  4.8
Unarmed Combat | 2 5 6 |  6.2
Stealth        | |  1.7
Spellcasting   | |  2.0
Conjurations   | |  4.0

Action                   |  1- 3 |  4- 6 || total
-------------------------+-------+-------++-------
Melee: Unarmed           |    44 |     7 ||    51
       Tailslap          |     3 |       ||     3
 Cast: Magic Dart        |       |     5 ||     5
  Use: Potion            |     1 |       ||     1
Armor: Skin              |    16 |     4 ||    20
Dodge: Dodged            |    32 |     5 ||    37
